 Dungeon Crawl Stone Soup version 0.25.0-15-gac7dcb8919 (webtiles) character file.

Game seed: 13642545158875211544

112224 Olaroll the Thaumaturge (level 16, -1/126 HPs)
             Began as a Gnoll Skald on June 28, 2020.
             Was a High Priest of Okawaru.
             Slain by a spark wasp (17 damage)
             ... on level 4 of the Spider Nest on June 29, 2020.
             The game lasted 03:22:51 (33048 turns).

Olaroll the Thaumaturge (Gnoll Skald)              Turns: 33048, Time: 03:22:51

Health: -1/126     AC: 34    Str: 19    XL:     16   Next: 59%
Magic:  1/31       EV: 19    Int: 17    God:    Okawaru [*****.]
Gold:   1396       SH: 22    Dex: 21    Spells: 30/38 levels left

rFire    . . .     SeeInvis +   a - +9 hand axe "Jelly's Death Toll" {freeze, Dex+3}
rCold    . . .     Gourm    .   w - +2 kite shield {AC+3}
rNeg     + . .     Faith    .   i - +7 chain mail of Hejaysm {rCorr}
rPois    +         Spirit   .   L - +1 helmet {SInv}
rElec    .         Reflect  +   x - +0 cloak
rCorr    +         Harm     .   j - +1 pair of gloves {archery}
MR       +....                  P - +2 pair of boots
Stlth    +++.......             M - amulet of reflection
HPRegen  0.00/turn              W - ring of Free Will {Ice rN+ Dex+3 Slay+2}
MPRegen  0.22/turn              X - ring of fire

@: about to teleport, heroism, finesse
A: distributed training, fangs 1, poison resistance, inhibited regeneration,
MP-powered wands, strong nose
a: Heroism, Finesse, Renounce Religion


You were on level 4 of the Spider Nest.
You worshipped Okawaru.
Okawaru was extremely pleased with you.
You were not hungry.

You visited 4 branches of the dungeon, and saw 22 of its levels.

You collected 1846 gold pieces.
You spent 450 gold pieces at shops.

Inventory:

Hand Weapons
 a - the +9 hand axe "Jelly's Death Toll" (weapon) {freeze, Dex+3}
   (You found it on level 9 of the Dungeon)

   It has been specially enchanted to freeze those struck by it, causing extra
   injury to most foes and up to half again as much damage against particularly
   susceptible opponents.
   It can also slow down cold-blooded creatures.
   It affects your dexterity (+3).
 b - a +3 flail of freezing
 y - the +3 short sword of Ash {drain, Str+4 Int+2 Dex-3}
   (Okawaru gifted it to you on level 4 of the Spider Nest)

   A truly terrible weapon, it drains the life of those it strikes.
   It affects your strength (+4).
   It affects your intelligence (+2).
   It affects your dexterity (-3).
 S - a +5 antimagic war axe
Missiles
 s - 9 silver javelins (quivered)
Armour
 i - the +7 chain mail of Hejaysm (worn) {rCorr}
   (You found it on level 1 of the Spider Nest)

   It provides partial protection from all sources of acid and corrosion.
 j - a +1 pair of gloves of archery (worn)
 w - a +2 kite shield of protection (worn)
 x - a +0 cloak (worn)
 L - a +1 helmet of see invisible (worn)
 P - a +2 pair of boots (worn)
Jewellery
 p - an uncursed ring of poison resistance
 B - an uncursed ring of positive energy
 F - an uncursed ring of protection from cold
 M - an amulet of reflection (around neck)
 T - an uncursed ring of protection from magic
 V - an uncursed ring of wizardry
 W - the ring of Free Will (left hand) {Ice rN+ Dex+3 Slay+2}
   (You found it on level 6 of the Lair of Beasts)

   [ring of ice]

   It enhances your ice magic.
   It affects your dexterity (+3).
   It affects your accuracy and damage with ranged weapons and melee attacks
   (+2).
   It makes you vulnerable to fire.
   It protects you from cold.
   It protects you from negative energy.
 X - a ring of fire (right hand)
Wands
 z - a wand of polymorph (19)
 C - a wand of random effects (47)
 J - a wand of paralysis (22)
 O - a wand of acid (13)
 Q - a wand of iceblast (6)
Scrolls
 c - 2 scrolls of amnesia
 e - 7 scrolls of magic mapping
 f - 5 scrolls of enchant armour
 h - 13 scrolls of remove curse
 k - 6 scrolls of fog
 n - 4 scrolls of immolation
 q - 9 scrolls of identify
 u - 2 scrolls of teleportation
 v - 2 scrolls of holy word
 K - a scroll of enchant weapon {unknown}
 R - 3 scrolls of summoning
 U - 3 scrolls of fear
Potions
 g - a potion of stabbing
 m - 4 potions of might
 o - a potion of magic
 r - 2 potions of flight
 t - 3 potions of brilliance
 A - 2 potions of cancellation
 D - 2 potions of haste
 E - 2 potions of invisibility
 G - 2 potions of ambrosia
 I - 4 potions of curing
 N - a potion of heal wounds
Miscellaneous
 H - a lightning rod (4/4)
 Z - a tin of tremorstones (3/3)
Comestibles
 d - 37 rations
 l - 8 chunks of flesh


   Skills:
 + Level 11.6(16.6) Fighting
 + Level 10.7(15.7) Short Blades
 + Level 11.6(16.6) Long Blades
 + Level 10.7(15.7) Axes
 + Level 10.7(15.7) Maces & Flails
 + Level 10.7(15.7) Polearms
 + Level 10.7(15.7) Staves
 + Level 10.7(15.7) Slings
 + Level 10.7(15.7) Bows
 + Level 10.7(15.7) Crossbows
 + Level 10.7(15.7) Throwing
 + Level 11.0(16.0) Armour
 + Level 11.6(16.6) Dodging
 + Level 10.7(15.7) Stealth
 + Level 10.7(15.7) Shields
 + Level 10.7(15.7) Unarmed Combat
 + Level 11.7 Spellcasting
 + Level 9.1 Conjurations
 + Level 9.1 Hexes
 + Level 10.6 Charms
 + Level 9.1 Summonings
 + Level 9.1 Necromancy
 + Level 9.1 Translocations
 + Level 9.1 Transmutations
 + Level 9.1 Fire Magic
 + Level 9.1 Ice Magic
 + Level 9.1 Air Magic
 + Level 9.1 Earth Magic
 + Level 9.1 Poison Magic
 + Level 11.6 Invocations
 + Level 10.7 Evocations


You had 30 spell levels left.
You knew the following spells:

 Your Spells              Type           Power        Failure   Level  Hunger
a - Infusion              Chrm           ####         1%          1    None
b - Song of Slaying       Chrm           #####...     1%          2    None
c - Shroud of Golubria    Chrm/Tloc      #####.       1%          2    None
d - Spectral Weapon       Hex/Chrm       #####...     1%          3    None

Your spell library contained the following spells:

 Spells                   Type           Power        Failure   Level  Hunger
 Animate Skeleton         Necr           N/A          1%          1    None
 Pain                     Necr           ####         1%          1    None
 Ozocubu's Armour         Chrm/Ice       ######..     1%          3    None
 Vampiric Draining        Necr           #####.....   2%          3    None
 Animate Dead             Necr           N/A          9%          4    ##.....
 Agony                    Necr           #####...     24%         5    #####..


Dungeon Overview and Level Annotations

Branches:
Dungeon (11/15)            Temple (1/1) D:4            Lair (6/6) D:9
 Shoals (0/4) Lair:2       Spider (4/4) Lair:2        Slime (0/5) Lair:5
    Orc (0/2) D:9

Altars:
Ashenzari
Cheibriados
Dithmenos
Elyvilon
Fedhas
Hepliaklqana
Nemelex Xobeh
Okawaru
Qazlal
Ru
Sif Muna
Trog
Uskayaw
Vehumet
Wu Jian
Xom
The Shining One
Jiyva

Shops:
D:5 %(([?

Annotations:
D:8 1 transporter, 1 runed translucent door, Name63's ghost, novice GnWz
Lair:1 exclusion: oklob plant
Spider:3 Mara


Innate Abilities, Weirdness & Mutations

Your experience applies equally to all skills.
You have very sharp teeth.
Your uncanny sense of smell can sniff out nearby items.
Your system is resistant to poisons. (rPois)
You do not regenerate when monsters are visible.
You expend magic power (3 MP) to strengthen your wands.


Message History

Okay, then.
Press: ? - help, v - describe, . - travel
Here: a spark wasp (heavily wounded)
The floor, spattered with blood.
Okay, then.
Okay, then.
Okay, then.
Okay, then.
As you read the scroll of teleportation, it crumbles to dust.
You feel strangely unstable. You block the spark wasp's attack.
Okay, then.
You feel much better. You block the spark wasp's attack.
You block the emperor scorpion's attack.
The emperor scorpion claws you. The emperor scorpion misses you.
The emperor scorpion stings you but does no damage.
The emperor scorpion claws you but does no damage. x2
The spark wasp stings you!!
* * * LOW HITPOINT WARNING * * *
The spark wasp shocks you!
You die...

###≈.≈.### #≈...≈# #
##...≈# ∆ ##.≈.≈## #
##...≈## ###..≈#
###≈##≈.≈##+## ##.≈#
''..##...##... #≈.≈#
''..≈≈...##... #≈..###
''.....≈###.ys#####.≈≈#
###.....## #†ss##≈[≈# #
##≈....# #sy@y....# #
##≈..≈##.yy##≈....## #
###.≈##... ####≈.#
##≈..##... ##.##
###≈.≈###### ##≈.#
##.≈.≈.##### ###≈.≈#
##^...###...###.≈..^#
#...^≈##^≈≈.##≈....##
#≈.≈^###.≈≈##≈^.(.≈≈#


You could see 3 emperor scorpions, 2 spark wasps, a wolf spider and 3 hornets.

Vanquished Creatures
  Gastronok (Lair:1)
  Agnes (Spider:2)
  4 ghost moths
  2 emperor scorpions
  5 entropy weavers
  Snorg (D:10)
  6 hydras
  A catoblepas (Lair:3)
  A two-headed ogre (D:11)
  7 death yaks
  A fire crab (D:10)
  29 wolf spiders
  Pikel (D:6)
  19 orb spiders
  4 moths of wrath
  11 elephants
  3 merfolk sirens (Lair:2)
  3 black mambas
  25 spiny frogs
  5 torpor snails
  7 komodo dragons
  4 rime drakes
  7 demonic crawlers
  2 trolls
  A merfolk (Lair:2)
  33 jumping spiders
  3 polar bears
  5 tyrant leeches (Lair:6)
  4 hornets
  21 blink frogs
  10 hippogriffs
  4 dream sheep (Lair:6)
  79 redbacks
  2 wraiths
  24 tarantellas
  22 yaks
  A hungry ghost (D:9)
  A basilisk (Lair:5)
  6 vampire mosquitoes (Lair:6)
  2 wargs (D:9)
  6 water moccasins
  6 porcupines
  4 sky beasts
  A black bear (D:8)
  An orc warrior (D:11)
  2 ice beasts (D:8)
  3 centaurs
  2 phantoms
  2 necrophages
  2 ogres
  25 wolves
  9 crocodiles
  2 big kobolds (D:10)
  23 bullfrogs
  A gnoll sergeant (D:8)
  A water moccasin zombie (D:5)
  5 scorpions
  11 killer bees (D:9)
  5 wights
  An electric eel (Spider:4)
  2 howler monkeys (D:4)
  2 crimson imps
  2 centaur zombies
  2 quasits (D:8)
  A bullfrog zombie (D:10)
  2 orc priests
  5 hounds
  A jelly (D:8)
  A centaur skeleton (D:8)
  9 orc wizards
  4 iguanas
  7 worker ants
  A killer bee zombie (D:6)
  A hound zombie (D:5)
  2 hound skeletons
  3 worker ant zombies
  17 adders
  8 gnolls
  5 shadow imps
  An ooze (D:3)
  An adder zombie (D:9)
  An adder skeleton (D:4)
  2 worms
  4 leopard geckos
  29 orcs
  8 bats
  6 giant cockroaches
  6 goblins
  3 hobgoblins
  6 quokkas
  6 frilled lizards
  A jackal skeleton (D:4)
  A jackal zombie (D:7)
  13 kobolds
  A leopard gecko skeleton (D:4)
  A quokka zombie (D:7)
  5 rats
  5 fungi
  6 plants
661 creatures vanquished.

Vanquished Creatures (collateral kills)
  An orc (D:8)
1 creature vanquished.

Vanquished Creatures (others)
  A wolf spider (Spider:4)
  A blink frog (Lair:3)
  2 slaves (D:6)
  A wight (D:6)
  A giant cockroach (D:6)
  A bush (Lair:6)
  16 fungi
  43 plants
  6 spectral weapons
72 creatures vanquished.

Grand Total: 734 creatures vanquished

Notes
Turn   | Place    | Note
-------+----------+-------------------------------------------
     0 | D:1      | Olaroll the Gnoll Skald began the quest for the Orb.
     0 | D:1      | Reached XP level 1. HP: 20/20 MP: 6/6
   199 | D:1      | Reached XP level 2. HP: 26/26 MP: 7/7
  1059 | D:2      | Reached skill level 5 in Spellcasting
  1059 | D:2      | Reached XP level 3. HP: 22/31 MP: 7/9
  1338 | D:2      | Reached skill level 1 in Invocations
  1520 | D:2      | Reached skill level 1 in Short Blades
  1520 | D:2      | Reached skill level 1 in Axes
  1520 | D:2      | Reached skill level 1 in Maces & Flails
  1520 | D:2      | Reached skill level 1 in Polearms
  1520 | D:2      | Reached skill level 1 in Staves
  1520 | D:2      | Reached skill level 1 in Slings
  1520 | D:2      | Reached skill level 1 in Bows
  1520 | D:2      | Reached skill level 1 in Crossbows
  1520 | D:2      | Reached skill level 1 in Throwing
  1520 | D:2      | Reached skill level 1 in Stealth
  1520 | D:2      | Reached skill level 1 in Shields
  1520 | D:2      | Reached skill level 1 in Unarmed Combat
  1520 | D:2      | Reached skill level 1 in Evocations
  1577 | D:2      | Reached XP level 4. HP: 30/38 MP: 11/11
  2174 | D:3      | Reached skill level 1 in Conjurations
  2174 | D:3      | Reached skill level 1 in Hexes
  2174 | D:3      | Reached skill level 1 in Summonings
  2174 | D:3      | Reached skill level 1 in Necromancy
  2174 | D:3      | Reached skill level 1 in Translocations
  2174 | D:3      | Reached skill level 1 in Transmutations
  2174 | D:3      | Reached skill level 1 in Fire Magic
  2174 | D:3      | Reached skill level 1 in Ice Magic
  2174 | D:3      | Reached skill level 1 in Air Magic
  2174 | D:3      | Reached skill level 1 in Earth Magic
  2174 | D:3      | Reached skill level 1 in Poison Magic
  2983 | D:4      | Reached XP level 5. HP: 40/43 MP: 12/12
  3329 | D:4      | Noticed a necrophage
  3332 | D:4      | Reached XP level 6. HP: 14/50 MP: 13/13
  3623 | D:3      | Killed a necrophage
  3623 | D:3      | Reached skill level 5 in Fighting
  3623 | D:3      | Reached skill level 5 in Long Blades
  3623 | D:3      | Reached skill level 5 in Dodging
  3950 | D:4      | Found a staircase to the Ecumenical Temple.
  3984 | D:4      | Found a shattered altar of Ashenzari.
  3991 | D:4      | Found a radiant altar of Vehumet.
  4082 | D:5      | Entered Level 5 of the Dungeon
  4262 | D:5      | Found Waiseizu's Antique Weapon Emporium.
  4277 | D:5      | Reached XP level 7. HP: 34/54 MP: 15/15
  4728 | D:5      | Found a stormy altar of Qazlal.
  4785 | D:5      | Found Juapt's Antique Armour Shoppe.
  4883 | D:5      | Found Bepsang's Food Shoppe.
  5573 | D:5      | Found Raow's Antique Weapon Shop.
  5939 | D:5      | Found Asoras's Magic Scroll Shop.
  5942 | D:5      | Noticed a troll
  6372 | D:4      | Killed a troll
  6372 | D:4      | Reached XP level 8. HP: 49/61 MP: 9/16
  6541 | Temple   | Entered the Ecumenical Temple
  6551 | Temple   | Became a worshipper of Warmaster Okawaru
  7482 | D:6      | Noticed Pikel
  7508 | D:6      | Killed Pikel
  7508 | D:6      | Reached * piety under Okawaru
  7508 | D:6      | Reached ** piety under Okawaru
  7968 | D:6      | Reached XP level 9. HP: 62/67 MP: 18/18
  8730 | D:5      | Bought a glowing chain mail for 225 gold pieces
  8730 | D:5      | Bought a runed helmet for 225 gold pieces
  9014 | D:7      | Reached *** piety under Okawaru
  9014 | D:7      | Reached skill level 5 in Armour
 10328 | D:8      | Found a transporter.
 10364 | D:8      | Reached skill level 5 in Invocations
 10472 | D:8      | Found a transporter.
 10676 | D:8      | Reached XP level 10. HP: 75/75 MP: 20/20
 10691 | D:8      | Found a runed translucent door.
 10706 | D:8      | Found a shimmering altar of Xom.
 10706 | D:8      | Noticed a +1 short sword of chaos
 10706 | D:8      | Noticed Name63's ghost (novice GnWz)
 11232 | D:8      | Gained mutation: Your system is resistant to poisons.
                  | (rPois) [potion of mutation]
 11232 | D:8      | Gained mutation: You do not regenerate when monsters are
                  | visible. [potion of mutation]
 11232 | D:8      | Gained mutation: You expend magic power (3 MP) to
                  | strengthen your wands. [potion of mutation]
 11496 | D:9      | Noticed a death yak
 11498 | D:9      | Noticed a death yak
 11499 | D:9      | Found a staircase to the Lair.
 11499 | D:9      | Noticed a death yak
 11499 | D:9      | Noticed a death yak
 11518 | D:8      | Killed a death yak
 11518 | D:8      | Reached skill level 5 in Short Blades
 11518 | D:8      | Reached skill level 5 in Axes
 11518 | D:8      | Reached skill level 5 in Maces & Flails
 11518 | D:8      | Reached skill level 5 in Polearms
 11518 | D:8      | Reached skill level 5 in Staves
 11518 | D:8      | Reached skill level 5 in Slings
 11518 | D:8      | Reached skill level 5 in Bows
 11518 | D:8      | Reached skill level 5 in Crossbows
 11518 | D:8      | Reached skill level 5 in Throwing
 11518 | D:8      | Reached skill level 5 in Stealth
 11518 | D:8      | Reached skill level 5 in Shields
 11518 | D:8      | Reached skill level 5 in Unarmed Combat
 11518 | D:8      | Reached skill level 5 in Evocations
 11526 | D:8      | Killed a death yak
 11526 | D:8      | Reached **** piety under Okawaru
 11773 | D:8      | Killed a death yak
 11773 | D:8      | Received a gift from Okawaru
 12286 | D:9      | Found a staircase to the Orcish Mines.
 12753 | D:9      | Reached XP level 11. HP: 63/84 MP: 22/22
 12863 | D:9      | Received a gift from Okawaru
 12898 | D:9      | Got a twisted hand axe
 12899 | D:9      | Identified the +9 hand axe "Jelly's Death Toll" {freeze,
                  | Dex+3} (You found it on level 9 of the Dungeon)
 13059 | D:9      | Found a blossoming altar of Fedhas.
 13059 | D:9      | Found a glowing golden altar of the Shining One.
 13062 | D:9      | Found a sacrificial altar of Ru.
 13065 | D:9      | Found a shimmering blue altar of Sif Muna.
 13067 | D:9      | Found a bloodstained altar of Trog.
 13067 | D:9      | Found a snail-covered altar of Cheibriados.
 13069 | D:9      | Found a sparkling altar of Nemelex Xobeh.
 13070 | D:9      | Found a hazy altar of Hepliaklqana.
 13224 | D:9      | Learned a level 2 spell: Song of Slaying
 13227 | D:9      | Learned a level 2 spell: Shroud of Golubria
 13231 | D:9      | Learned a level 3 spell: Spectral Weapon
 13394 | D:9      | Found an ornate altar of the Wu Jian Council.
 13467 | D:10     | Entered Level 10 of the Dungeon
 13547 | D:10     | Reached skill level 5 in Conjurations
 13547 | D:10     | Reached skill level 5 in Hexes
 13547 | D:10     | Reached skill level 5 in Summonings
 13547 | D:10     | Reached skill level 5 in Necromancy
 13547 | D:10     | Reached skill level 5 in Translocations
 13547 | D:10     | Reached skill level 5 in Transmutations
 13547 | D:10     | Reached skill level 5 in Fire Magic
 13547 | D:10     | Reached skill level 5 in Ice Magic
 13547 | D:10     | Reached skill level 5 in Air Magic
 13547 | D:10     | Reached skill level 5 in Earth Magic
 13547 | D:10     | Reached skill level 5 in Poison Magic
 13548 | D:10     | Reached ***** piety under Okawaru
 13549 | D:10     | Received a gift from Okawaru
 13971 | D:10     | Found a runed translucent door.
 13977 | D:10     | Noticed a fire crab
 14190 | D:10     | Noticed Snorg
 14206 | D:10     | Killed Snorg
 14729 | D:10     | Killed a fire crab
 14730 | D:10     | Noticed an entropy weaver
 14731 | D:10     | Noticed a fire crab
 15956 | D:11     | Noticed a two-headed ogre
 15966 | D:11     | Killed a two-headed ogre
 16495 | Lair:1   | Entered Level 1 of the Lair of Beasts
 16551 | Lair:1   | Received a gift from Okawaru
 16554 | Lair:1   | Reached XP level 12. HP: 35/93 MP: 4/24
 17096 | Lair:1   | Noticed Gastronok
 17116 | Lair:1   | Killed Gastronok
 17282 | Lair:1   | Noticed a four-headed hydra
 17796 | Lair:1   | Killed an 11-headed hydra
 18336 | Lair:2   | Found a staircase to the Shoals.
 18367 | Lair:2   | Received a gift from Okawaru
 18682 | Lair:2   | Found a hole to the Spider Nest.
 19688 | Lair:3   | Noticed a catoblepas
 19775 | Lair:4   | Reached XP level 13. HP: 98/101 MP: 24/26
 19961 | Lair:5   | Received a gift from Okawaru
 20280 | Lair:5   | Found a staircase to the Slime Pits.
 20281 | Lair:5   | Found a viscous altar of Jiyva.
 20713 | Lair:4   | Received a gift from Okawaru
 21139 | Lair:4   | Received a gift from Okawaru
 22992 | Lair:6   | Entered Level 6 of the Lair of Beasts
 23272 | Lair:6   | Received a gift from Okawaru
 23311 | Lair:6   | Reached skill level 10 in Spellcasting
 23340 | Lair:6   | Reached XP level 14. HP: 50/109 MP: 20/28
 23928 | Lair:6   | Reached skill level 10 in Fighting
 23928 | Lair:6   | Reached skill level 10 in Long Blades
 23928 | Lair:6   | Reached skill level 10 in Dodging
 24870 | Lair:6   | Got a pitted falchion
 24871 | Lair:6   | Identified the +7 falchion of Opry {vorpal, *Drain rPois
                  | MP+9 Int+5} (You found it on level 6 of the Lair of Beasts)
 24944 | Lair:6   | Reached skill level 10 in Invocations
 25042 | Lair:6   | Received a gift from Okawaru
 25365 | Lair:6   | Got a vibrating wooden ring
 25368 | Lair:6   | Identified the ring of Free Will {Ice rN+ Dex+3 Slay+2}
                  | (You found it on level 6 of the Lair of Beasts)
 25798 | Spider:1 | Entered Level 1 of the Spider Nest
 25854 | Spider:1 | Received a gift from Okawaru
 26007 | Spider:1 | Got a buzzing chain mail
 26179 | Spider:1 | Got a masterwork ring mail
 26264 | Spider:1 | Received a gift from Okawaru
 26381 | Spider:1 | Identified the +7 chain mail of Hejaysm {rCorr} (You found
                  | it on level 1 of the Spider Nest)
 26391 | Spider:1 | Identified the +2 ring mail of Boredom {MR+ Int+4 Dex+3}
                  | (You found it on level 1 of the Spider Nest)
 26535 | Spider:1 | Got a fine quarterstaff
 26541 | Spider:1 | Identified the +11 quarterstaff "Hukh" {pain, Dex+4} (You
                  | found it on level 1 of the Spider Nest)
 26938 | Spider:1 | Received a gift from Okawaru
 26939 | Spider:1 | Got a faintly glowing quarterstaff {god gift}
 26946 | Spider:1 | Identified the +7 quarterstaff of Doom {vamp, +Blink MR-
                  | Int+4} (Okawaru gifted it to you on level 1 of the Spider
                  | Nest)
 27296 | Spider:2 | Noticed an entropy weaver
 27321 | Spider:2 | Killed an entropy weaver
 27389 | Spider:2 | Reached XP level 15. HP: 117/117 MP: 29/29
 27765 | Spider:2 | Noticed Agnes
 27785 | Spider:2 | Killed Agnes
 27785 | Spider:2 | Reached skill level 10 in Armour
 29016 | Spider:2 | Received a gift from Okawaru
 29178 | Spider:2 | Reached skill level 10 in Charms
 29528 | Spider:3 | Reached skill level 10 in Short Blades
 29528 | Spider:3 | Reached skill level 10 in Axes
 29528 | Spider:3 | Reached skill level 10 in Maces & Flails
 29528 | Spider:3 | Reached skill level 10 in Polearms
 29528 | Spider:3 | Reached skill level 10 in Staves
 29528 | Spider:3 | Reached skill level 10 in Slings
 29528 | Spider:3 | Reached skill level 10 in Bows
 29528 | Spider:3 | Reached skill level 10 in Crossbows
 29528 | Spider:3 | Reached skill level 10 in Throwing
 29528 | Spider:3 | Reached skill level 10 in Stealth
 29528 | Spider:3 | Reached skill level 10 in Shields
 29528 | Spider:3 | Reached skill level 10 in Unarmed Combat
 29528 | Spider:3 | Reached skill level 10 in Evocations
 29658 | Spider:3 | Noticed Mara
 29662 | Spider:3 | Noticed Olaroll's illusion
 30357 | Spider:3 | Noticed an emperor scorpion
 30386 | Spider:3 | Killed an emperor scorpion
 30463 | Spider:3 | Noticed a ghost moth
 30493 | Spider:3 | Killed a ghost moth
 30550 | Spider:3 | Noticed Olaroll's illusion
 30679 | Spider:4 | Entered Level 4 of the Spider Nest
 30750 | Spider:4 | Received a gift from Okawaru
 31370 | Spider:4 | Noticed an emperor scorpion
 31386 | Spider:4 | Killed an emperor scorpion
 31397 | Spider:4 | Reached XP level 16. HP: 125/125 MP: 22/31
 31498 | Spider:4 | Got a crystal trident
 31541 | Spider:4 | Identified the +2 trident "Legu" {venom, *Contam Dex+4}
                  | (You found it on level 4 of the Spider Nest)
 31736 | Spider:4 | Received a gift from Okawaru
 31739 | Spider:4 | Got an ichor-stained short sword {god gift}
 31740 | Spider:4 | Identified the +3 short sword of Ash {drain, Str+4 Int+2
                  | Dex-3} (Okawaru gifted it to you on level 4 of the Spider
                  | Nest)
 32811 | Spider:4 | Received a gift from Okawaru
 32855 | Spider:4 | Received a gift from Okawaru
 33048 | Spider:4 | Slain by a spark wasp

Illustrated notes

Levels and vault maps discovered:
D:1:      minmay_arrival_split_and_join, layout_loops_ring
D:2:      layout_loops_ring
D:3:      layout_loops_ring, first_ration, minmay_between
D:4:      layout_rooms, amethyst_overflow_temple_binary,
          minmay_temple_entry_offerings
D:5:      layout_basic, overflow_temple_1_default, serial_shops, shop,
          shop_coins, nicolae_shop_temple_entry_statues_fountains, shop, shop,
          chequers_garden
D:6:      layout_gridville, uniq_pikel
D:7:      layout_basic
D:8:      gammafunk_cloud_chamber, layout_basic, ebering_ghost_xom,
          grunt_ogre_cave
D:9:      layout_stronghold, minitemple, dpeg_lair_monsters, david_orc_3,
          enter_bailey_2, minmay_misc_feat_cross
D:10:     gammafunk_mikee_crab_dinner, layout_irregular_city,
          serial_column_ruins, column_ruins_columns_corner,
          column_ruins_open_tiny, column_ruins_columns_straight,
          column_ruins_grid_1, column_ruins_grid_3,
          column_ruins_columns_straight, minivault_25, uniq_snorg
D:11:     layout_stronghold
Temple:   eino_wide_crystal_templ
Lair:1:   layout_regular_city, hibernation_bobbens, lemuel_fruit_tree,
          minmay_lair_oklob_chamber, infiniplex_staircase_pool_2, uniq_gastronok
Lair:2:   layout_regular_city, elwin_shoals_entry_stream,
          spider_nest_entry_web_field
Lair:3:   layout_roguey
Lair:4:   layout_cave_pods, grunt_megastairs_1
Lair:5:   layout_hall_layers, slime_altar_1, grunt_megastairs_3
Lair:6:   minmay_lair_end_frog_pond, layout_regular_city
Spider:1: layout_spider_delve, nicolae_spider_circle_web,
          hangedman_spider_tarantella_strand
Spider:2: layout_spider_delve, uniq_agnes
Spider:3: layout_spider_delve, uniq_mara
Spider:4: spider_rune_water, nicolae_spider_nook

Skill      XL: |  1  2  3  4  5  6  7  8  9 10 11 12 13 14 15 16 |
---------------+-------------------------------------------------+-----
Spellcasting   | 5 6 7 8 9 10 11 | 11.7
Invocations    | 1 2 3 4 5 6 7 8 9 10 11 | 11.6
Short Blades   | 1 2 3 4 5 6 7 8 9 10 | 10.7
Axes           | 1 2 3 4 5 6 7 8 9 10 | 10.7
Maces & Flails | 1 2 3 4 5 6 7 8 9 10 | 10.7
Polearms       | 1 2 3 4 5 6 7 8 9 10 | 10.7
Staves         | 1 2 3 4 5 6 7 8 9 10 | 10.7
Slings         | 1 2 3 4 5 6 7 8 9 10 | 10.7
Bows           | 1 2 3 4 5 6 7 8 9 10 | 10.7
Crossbows      | 1 2 3 4 5 6 7 8 9 10 | 10.7
Throwing       | 1 2 3 4 5 6 7 8 9 10 | 10.7
Stealth        | 1 2 3 4 5 6 7 8 9 10 | 10.7
Shields        | 1 2 3 4 5 6 7 8 9 10 | 10.7
Unarmed Combat | 1 2 3 4 5 6 7 8 9 10 | 10.7
Evocations     | 1 2 3 4 5 6 7 8 9 10 | 10.7
Conjurations   | 1 2 3 4 5 6 7 8 9 |  9.1
Hexes          | 1 2 3 4 5 6 7 8 9 |  9.1
Summonings     | 1 2 3 4 5 6 7 8 9 |  9.1
Necromancy     | 1 2 3 4 5 6 7 8 9 |  9.1
Translocations | 1 2 3 4 5 6 7 8 9 |  9.1
Transmutations | 1 2 3 4 5 6 7 8 9 |  9.1
Fire Magic     | 1 2 3 4 5 6 7 8 9 |  9.1
Ice Magic      | 1 2 3 4 5 6 7 8 9 |  9.1
Air Magic      | 1 2 3 4 5 6 7 8 9 |  9.1
Earth Magic    | 1 2 3 4 5 6 7 8 9 |  9.1
Poison Magic   | 1 2 3 4 5 6 7 8 9 |  9.1
Armour         | 3 4 5 6 7 8 9 10 11 | 11.0
Fighting       | 5 6 7 8 9 10 11 | 11.6
Long Blades    | 5 6 7 8 9 10 11 | 11.6
Dodging        | 5 6 7 8 9 10 11 | 11.6
Charms         | 6 7 8 9 10 | 10.6

Action                   |  1- 3 |  4- 6 |  7- 9 | 10-12 | 13-15 | 16-18 || total
-------------------------+-------+-------+-------+-------+-------+-------++-------
Melee: Falchion          |    33 |       |       |       |       |       ||    33
       Mace              |    54 |   164 |    36 |       |       |       ||   254
       Bite              |     9 |    22 |    47 |    65 |   179 |    45 ||   367
       Unarmed           |       |    69 |   178 |       |    38 |       ||   285
       Punch             |       |     1 |     4 |    11 |       |       ||    16
       Long sword        |       |       |    59 |       |       |       ||    59
       Battleaxe         |       |       |   151 |   121 |       |       ||   272
       Hand axe          |       |       |       |   380 |   967 |   219 ||  1566
       Flail             |       |       |       |     3 |    44 |       ||    47
       War axe           |       |       |       |       |    52 |       ||    52
       Quarterstaff      |       |       |       |       |    51 |       ||    51
Throw: Dart              |       |       |     3 |     3 |       |       ||     6
       Javelin           |       |       |       |    10 |    34 |       ||    44
 Cast: Infusion          |       |       |     6 |    20 |     7 |       ||    33
       Song of Slaying   |       |       |       |     8 |    16 |     4 ||    28
       Spectral Weapon   |       |       |       |     8 |    11 |     4 ||    23
       Shroud of Golubri |       |       |       |     6 |    33 |    14 ||    53
Invok: Heroism           |       |       |     3 |    22 |    44 |     9 ||    78
       Finesse           |       |       |       |     3 |     6 |     2 ||    11
Evoke: Wand              |       |       |       |     2 |       |       ||     2
  Use: Potion            |       |       |     7 |     9 |     3 |     3 ||    22
       Scroll            |       |       |    19 |    10 |     3 |     1 ||    33
 Stab: Distracted        |       |       |     1 |     2 |     4 |     1 ||     8
       Sleeping          |       |       |       |     1 |     2 |       ||     3
  Eat: Chunk             |     2 |     9 |    14 |    17 |    21 |     5 ||    68
       Ration            |       |       |     2 |     4 |     5 |       ||    11
Armor: Scale mail        |    13 |       |       |       |       |       ||    13
       Chain mail        |    46 |   177 |   258 |   232 |   486 |   169 ||  1368
       Skin              |       |       |    41 |       |       |       ||    41
Dodge: Dodged            |    44 |   129 |   261 |   306 |   529 |   193 ||  1462
Block: Other             |       |       |    22 |   101 |    18 |       ||   141
       Reflection        |       |       |     1 |     2 |       |       ||     3
       Kite shield       |       |       |       |    56 |  1130 |   364 ||  1550
       Rpst.: Falchion   |     4 |       |       |       |       |       ||     4
       Long sword        |       |       |     6 |       |       |       ||     6
